 Dungeon Crawl Stone Soup version 0.29.1-15-g9cfb28693d (webtiles) character file.

Game seed: 2898496675346536710

4 BallerZ the Sneak (level 1, 0/15 HPs)
             Began as a Naga Hedge Wizard on Mar 2, 2023.
             Slain by a ball python (2 damage)
             ... on level 1 of the Dungeon.
             The game lasted 00:02:14 (132 turns).

BallerZ the Sneak (Naga Hedge Wizard)                Turns: 132, Time: 00:02:15

Health: 0/15       AC:  1    Str: 12    XL:     1   Next: 60%
Magic:  4/4        EV:  9    Int: 14    God:
Gold:   16         SH:  0    Dex: 10    Spells: 5/6 levels left

rFire   . . .      SeeInvis +   a - +0 dagger
rCold   . . .      Faith    .   (no shield)
rNeg    . . .      Spirit   .   b - +0 robe
rPois   +          Reflect  .   c - +0 hat
rElec   .          Harm     .   (no cloak)
rCorr   .          Rampage  .   (no gloves)
Will    .....                   (no barding)
Stlth   ++........              (no amulet)
HPRegen 0.05/turn               (no ring)
MPRegen 0.09/turn               (no ring)

@: very slow
A: AC +0, large, see invisible, deformed body, poison resistance, slowness 2,
spit poison 1, naga tail 1
a: Spit Poison


You were on level 1 of the Dungeon.
You visited 1 branch of the dungeon, and saw 1 of its levels.

You collected 16 gold pieces.

Inventory:

Hand Weapons
 a - a +0 dagger (weapon)
Armour
 b - a +0 robe (worn)
 c - a +0 hat (worn)
Potions
 d - a potion of magic
 e - a potion of lignification {unknown}
 f - 2 potions of curing {unknown}


   Skills:
 + Level 1.5 Dodging
 + Level 3.2 Stealth
 + Level 3.1 Spellcasting
 + Level 1.0 Conjurations
 + Level 1.0 Summonings
 + Level 1.0 Translocations


You had 5 spell levels left.
You knew the following spells:

 Your Spells              Type           Power      Damage    Failure   Level
a - Magic Dart            Conj           20%        1d4       14%         1

Your spell library contained the following spells:

 Spells                   Type           Power      Damage    Failure   Level
 Slow                     Hex            8%         N/A       22%         1
 Blink                    Tloc           10%        N/A       22%         2
 Call Imp                 Summ           5%         N/A       22%         2
 Conjure Flame            Conj/Fire      3%         6-21      45%         3
 Mephitic Cloud           Conj/Pois/Air  3%         N/A       50%         3


Dungeon Overview and Level Annotations

Branches:
Dungeon (1/15)

Altars:


Innate Abilities, Weirdness & Mutations

Your serpentine skin is tough. (AC +0)
You have supernaturally acute eyesight. (SInv)
Armour fits poorly on your strangely shaped body.
Your system is resistant to poisons. (rPois)
You cover ground very slowly.
You can spit poison.
You have a snake-like lower body.


Message History

The goblin hits you with a +0 club.
You hit the goblin.
You kill the goblin!
There is an open door here.
Things that are here:
a +0 club; a goblin corpse; a ball python corpse You now have 16 gold pieces.
Aiming: Magic Dart (safe; 14% risk of failure)
Press: ? - help, Q - select action, (/) - cycle Shift-Dir - straight line You have nothing you can fire or use right now.
Save game and exit? [Y]es or [N]o only, please.
Save game and exit?
Okay, then.
Okay, then.
A ball python comes into view.
Found a red potion and a gilded ring.
A goblin comes into view. It is wielding a +0 club.
You closely miss the goblin. The goblin hits you with a +0 club.
You hit the goblin.
You kill the goblin!
The ball python hisses angrily.
The ball python barely misses you.
You hit the ball python.
The ball python is severely wounded.
The ball python closely misses you.
You closely miss the ball python.
The ball python is severely wounded.
The ball python barely misses you.
You hit the ball python but do no damage.
The ball python is severely wounded.
The ball python bites you.
You closely miss the ball python.
The ball python is severely wounded.
The ball python bites you. x2
* * * LOW HITPOINT WARNING * * *
You hit the ball python but do no damage.
The ball python is severely wounded.
The ball python bites you.
You die...

..........##
......###..#......#
......# ##.#......#
......# #.#.....=#
####### #.#......#
..# ######.#......#
#.###....#.#......#
#...'....#.#..).S!#
#####....#......@.#
##..####..#####
##...###...#####
###.#####.....#
#............
####.....####
##...#...##
#...###...# #...#
...#


You could see a ball python.

Vanquished Creatures
  2 goblins (D:1)
  A ball python (D:1)
  A bat (D:1)
4 creatures vanquished.

Notes
Turn   | Place    | Note
-------+----------+-------------------------------------------
     0 | D:1      | BallerZ the Naga Hedge Wizard began the quest for the Orb.
     0 | D:1      | Reached XP level 1. HP: 15/15 MP: 4/4
   132 | D:1      | Slain by a ball python

Illustrated notes

Levels and vault maps discovered:
D:1:      dpeg_arrival_arbitrary_c, layout_basic

Action                   || total
-------------------------++-------
Melee: Dagger            ||    20
 Cast: Magic Dart        ||     2
Armor: Robe              ||     9
Dodge: Dodged            ||    13
